Connexion

Roadrunners vs Senators

Created - 18 octobre 2023 at 05:53

Goals
1 2 3 T
Roadrunners 1 0 3 4
Senators 3 1 1 5
Shots
1 2 3 T
Roadrunners 10 7 11 28
Senators 9 12 8 29

GoalsPenalties
1st period
1. Senators , Akil Thomas 13 (Jamieson Rees 6, Aleksi Heponiemi 6) at 2:12
2. Senators , Fabian Zetterlund 3 (Layton Ahac 4, Aliaksei Protas 18) at 3:10
3. Roadrunners , Adam Erne 4 (Morgan Barron 4, Kole Lind 14) at 8:02
4. Senators , Cole Schwindt 12 (Aliaksei Protas 19, Fabian Zetterlund 11) at 12:15
Ben Jones (BEL) for Slashing (Minor) at 19:20
2nd period
5. Senators , Aliaksei Protas 7 (Cole Schwindt 18, Layton Ahac 5) at 19:04
Alexander Petrovic (TUC) for Tripping (Minor) at 6:28
3rd period
6. Roadrunners , Scott Wilson 11 (Gabriel Dumont 10, Nic Dowd 14) at 10:23
7. Roadrunners , Scott Wilson 12 (Nic Dowd 15, Nicolas Hague 8) at 14:34
8. Senators , Zac Jones 3 (Adam Beckman 8, Wade Allison 12) at 16:26 (PP)
9. Roadrunners , Nicolas Hague 4 (Scott Wilson 15, Gabriel Dumont 11) at 17:00
Nicolas Hague (TUC) for Boarding (Minor) at 16:14
Goalie Stats
Calvin Pickard (TUC), 24 saves from 29 shots - (0,828), L, 10-10-2, 59:02 minutes
Leevi Merilainen (BEL), 24 saves from 28 shots - (0,857), W, 12-10-1, 60:00 minutes
3 StarsOfficial
1 - Scott Wilson (TUC)
2 - Aliaksei Protas (BEL)
3 - Cole Schwindt (BEL)
Referees : Kelly Sutherland and Marc Joannette
Linesman : Ryan Galloway and Scott Cherrey
Game Note
Alex Beaucage is injured at 3:21 of 1st period (Torso)
Finance
Level 1 -- Attendance: 1957 (97,85%) -- Ticket Income 68 495 $
Level 2 -- Attendance: 958 (95,80%) -- Ticket Income 19 160 $
Total Attendance: 2915 (97,17%)
Total Ticket Income: 87 655 $
Other Income: 17 531 $
Total Income: 105 186 $



Team Name Goals Shots Shots Attemp Shots Blocked PIM HIT PP PK FO%
Roadrunners 42860154140 / 1 (0%)158%
Senators 5296792281 / 2 (50%)042%

Roadrunners
Player Name POS G A P +/- PIM HIT SHT SB MP PP MP PP SHT PK MP PK SHT FO% FOT
Adam ErneLW/RW101000417:150:0000:0000% 0
Aleksi SaarelaC/LW000-1006022:231:0701:30057% 28
Alexander PetrovicD000-2220222:201:0700:1200% 0
Anthony GrecoLW/RW000-1001022:301:0701:37067% 6
Brad HuntD000-2001223:141:0701:0500% 0
Drake CaggiulaC/LW/RW000-1040021:271:0700:340100% 1
Gabriel DumontC/RW0222012017:500:5210:0000% 1
Justin KirklandC/LW/RW000-1021111:580:0000:0700% 0
Kevin RoyLW/RW000-1001011:510:0000:0000% 1
Kole LindRW011000107:150:0000:0000% 0
Lane PedersonC000-1023011:510:0000:00071% 17
Mac HollowellD0002000319:470:5201:0600% 0
Morgan BarronC/LW011000307:150:0000:00070% 10
Nic DowdC/RW0222011018:240:5200:34050% 18
Nicolas HagueD1122211019:530:5201:1300% 0
Noah JuulsenD0000000216:590:0000:0000% 0
Paul LadueD0000000417:450:0000:4600% 0
Scott WilsonC/LW2132013017:500:5200:0000% 2
Senators
Player Name POS G A P +/- PIM HIT SHT SB MP PP MP PP SHT PK MP PK SHT FO% FOT
Adam BeckmanC/LW011-1010018:160:5400:420100% 1
Akil ThomasC/RW1011034015:231:1320:42067% 3
Aleksi HeponiemiC/LW/RW0111001013:360:0000:08050% 4
Alex BeaucageLW/RW000000000:140:0000:0000% 0
Aliaksei ProtasC1231024022:030:5801:09043% 28
Ben JonesC000-1230016:390:0000:00019% 16
Cole SchwindtC/RW1121014122:030:5801:09050% 2
Dawson BarteauxD000-1040117:090:1900:0500% 0
Fabian ZetterlundC/LW/RW1121014019:210:0000:0000% 1
Ian MitchellD000-1001017:200:3500:0000% 0
Jack RathboneD0002020422:220:4201:0400% 0
Jamieson ReesC0110011019:150:1900:08042% 19
Joey KeaneD000-1022120:341:1010:5500% 0
Layton AhacD0222020222:010:2600:5900% 0
Matias MaccelliLW000-100007:190:5800:0000% 0
Tyler MaddenC000-100106:050:1900:00063% 8
Wade AllisonRW011-1043017:460:5410:00050% 2
Zac JonesD101-1024020:341:1020:5500% 0



Play-by-Play

1st period


0:01 of 1st period - Aleksi Saarela wins face-off versus Aliaksei Protas in neutral zone.
0:20 of 1st period - Shot by Aliaksei Protas.
0:20 of 1st period - Shot Misses the Net.
0:40 of 1st period - Shot by Fabian Zetterlund.
0:40 of 1st period - Shot Misses the Net.
0:57 of 1st period - Icing by Joey Keane.
0:58 of 1st period - Ben Jones wins face-off versus Nic Dowd in Senators zone.
1:04 of 1st period - Joey Keane is hit by Gabriel Dumont and loses puck.
1:44 of 1st period - Mac Hollowell is hit by Ben Jones.
2:00 of 1st period - Shot by Kevin Roy.
2:00 of 1st period - Stopped by Leevi Merilainen without a rebound.
2:01 of 1st period - Morgan Barron wins face-off versus Jamieson Rees in Senators zone.
2:06 of 1st period - Shot by Kole Lind.
2:06 of 1st period - Stopped by Leevi Merilainen without a rebound.
2:07 of 1st period - Jamieson Rees wins face-off versus Lane Pederson in Senators zone.
2:12 of 1st period - Shot by Akil Thomas.
2:12 of 1st period - Goal by Akil Thomas - Roadrunners : 0 - Senators : 1.
2:13 of 1st period - Lane Pederson wins face-off versus Jamieson Rees in neutral zone.
2:21 of 1st period - Akil Thomas is hit by Justin Kirkland and loses puck.
2:25 of 1st period - Off-side.
2:26 of 1st period - Tyler Madden wins face-off versus Morgan Barron in neutral zone.
2:28 of 1st period - Off-side.
2:29 of 1st period - Morgan Barron wins face-off versus Jamieson Rees in neutral zone.
2:58 of 1st period - Shot by Adam Erne.
2:58 of 1st period - Stopped by Leevi Merilainen without a rebound.
2:59 of 1st period - Aliaksei Protas wins face-off versus Aleksi Saarela in Senators zone.
3:06 of 1st period - Shot by Aliaksei Protas.
3:06 of 1st period - Stopped by Calvin Pickard with a rebound.
3:08 of 1st period - Shot by Layton Ahac.
3:08 of 1st period - Deflect By Fabian Zetterlund.
3:08 of 1st period - Shot Blocked by Paul Ladue.
3:10 of 1st period - Shot by Fabian Zetterlund.
3:10 of 1st period - Goal by Fabian Zetterlund - Roadrunners : 0 - Senators : 2.
3:11 of 1st period - Tyler Madden wins face-off versus Lane Pederson in neutral zone.
3:20 of 1st period - Alex Beaucage is hit by Justin Kirkland and loses puck.
3:21 of 1st period - Alex Beaucage from Senators is injured at 3:21 of 1st period (Torso).
3:22 of 1st period - Aliaksei Protas wins face-off versus Aleksi Saarela in Senators zone.
3:43 of 1st period - Shot by Anthony Greco.
3:43 of 1st period - Shot Misses the Net.
4:29 of 1st period - Shot by Scott Wilson.
4:29 of 1st period - Shot Misses the Net.
4:43 of 1st period - Shot by Tyler Madden.
4:43 of 1st period - Shot Misses the Net.
4:56 of 1st period - Ian Mitchell is hit by Lane Pederson and loses puck.
5:05 of 1st period - Shot by Justin Kirkland.
5:05 of 1st period - Stopped by Leevi Merilainen with a rebound.
5:28 of 1st period - Mac Hollowell is hit by Wade Allison and loses puck.
5:39 of 1st period - Shot by Zac Jones.
5:39 of 1st period - Stopped by Calvin Pickard with a rebound.
5:41 of 1st period - Shot by Joey Keane.
5:41 of 1st period - Stopped by Calvin Pickard without a rebound.
5:42 of 1st period - Wade Allison wins face-off versus Aleksi Saarela in Roadrunners zone.
6:26 of 1st period - Shot by Cole Schwindt.
6:26 of 1st period - Shot Hit the Post.
6:28 of 1st period - Shot by Cole Schwindt.
6:28 of 1st period - Stopped by Calvin Pickard without a rebound.
6:29 of 1st period - Nic Dowd wins face-off versus Aleksi Heponiemi in Roadrunners zone.
6:52 of 1st period - Shot by Akil Thomas.
6:52 of 1st period - Shot Misses the Net.
8:00 of 1st period - Shot by Kole Lind.
8:00 of 1st period - Deflect By Morgan Barron.
8:00 of 1st period - Stopped by Leevi Merilainen with a rebound.
8:02 of 1st period - Shot by Adam Erne.
8:02 of 1st period - Goal by Adam Erne - Roadrunners : 1 - Senators : 2.
8:03 of 1st period - Aleksi Saarela wins face-off versus Ben Jones in neutral zone.
9:25 of 1st period - Kevin Roy is hit by Dawson Barteaux and loses puck.
9:34 of 1st period - Shot by Lane Pederson.
9:34 of 1st period - Stopped by Leevi Merilainen without a rebound.
9:35 of 1st period - Nic Dowd wins face-off versus Aliaksei Protas in Senators zone.
10:04 of 1st period - Shot by Aliaksei Protas.
10:04 of 1st period - Shot Blocked by Paul Ladue.
10:06 of 1st period - Shot by Aliaksei Protas.
10:06 of 1st period - Deflect By Cole Schwindt.
10:06 of 1st period - Shot Misses the Net.
10:08 of 1st period - Shot by Cole Schwindt.
10:08 of 1st period - Shot Misses the Net.
10:47 of 1st period - Akil Thomas is hit by Nicolas Hague and loses puck.
11:19 of 1st period - Kevin Roy is hit by Ben Jones and loses puck.
11:31 of 1st period - Dawson Barteaux is hit by Lane Pederson and loses puck.
11:51 of 1st period - Shot by Anthony Greco.
11:51 of 1st period - Shot Misses the Net.
11:53 of 1st period - Shot by Drake Caggiula.
11:53 of 1st period - Shot Blocked by Dawson Barteaux.
11:55 of 1st period - Shot by Anthony Greco.
11:55 of 1st period - Deflect By Aleksi Saarela.
11:55 of 1st period - Stopped by Leevi Merilainen without a rebound.
11:56 of 1st period - Aliaksei Protas wins face-off versus Morgan Barron in Senators zone.
12:07 of 1st period - Shot by Fabian Zetterlund.
12:07 of 1st period - Shot Blocked by Alexander Petrovic.
12:15 of 1st period - Shot by Cole Schwindt.
12:15 of 1st period - Goal by Cole Schwindt - Roadrunners : 1 - Senators : 3.
12:16 of 1st period - Tyler Madden wins face-off versus Aleksi Saarela in neutral zone.
12:24 of 1st period - Icing by Paul Ladue.
12:25 of 1st period - Aleksi Saarela wins face-off versus Aliaksei Protas in Roadrunners zone.
12:33 of 1st period - Icing by Zac Jones.
12:34 of 1st period - Nic Dowd wins face-off versus Aliaksei Protas in Senators zone.
12:56 of 1st period - Brad Hunt is hit by Joey Keane and loses puck.
13:48 of 1st period - Icing by Akil Thomas.
13:49 of 1st period - Aleksi Saarela wins face-off versus Aleksi Heponiemi in Senators zone.
14:16 of 1st period - Shot by Anthony Greco.
14:16 of 1st period - Stopped by Leevi Merilainen without a rebound.
14:17 of 1st period - Lane Pederson wins face-off versus Ben Jones in Senators zone.
14:26 of 1st period - Shot by Lane Pederson.
14:26 of 1st period - Shot Misses the Net.
14:36 of 1st period - Shot by Lane Pederson.
14:36 of 1st period - Shot Misses the Net.
14:56 of 1st period - Shot by Ben Jones.
14:56 of 1st period - Deflect By Wade Allison.
14:56 of 1st period - Stopped by Calvin Pickard with a rebound.
14:58 of 1st period - Shot by Ian Mitchell.
14:58 of 1st period - Stopped by Calvin Pickard without a rebound.
14:59 of 1st period - Aleksi Saarela wins face-off versus Jamieson Rees in Roadrunners zone.
15:18 of 1st period - Shot by Aleksi Saarela.
15:18 of 1st period - Shot Blocked by Layton Ahac.
15:20 of 1st period - Shot by Drake Caggiula.
15:20 of 1st period - Shot Misses the Net.
15:22 of 1st period - Shot by Drake Caggiula.
15:22 of 1st period - Shot Blocked by Layton Ahac.
15:24 of 1st period - Shot by Aleksi Saarela.
15:24 of 1st period - Deflect By Drake Caggiula.
15:24 of 1st period - Shot Misses the Net.
15:48 of 1st period - Cole Schwindt is hit by Drake Caggiula and loses puck.
16:07 of 1st period - Shot by Morgan Barron.
16:07 of 1st period - Stopped by Leevi Merilainen without a rebound.
16:08 of 1st period - Nic Dowd wins face-off versus Ben Jones in Senators zone.
16:17 of 1st period - Shot by Gabriel Dumont.
16:17 of 1st period - Shot Hit the Post.
16:53 of 1st period - Icing by Paul Ladue.
16:54 of 1st period - Jamieson Rees wins face-off versus Scott Wilson in Roadrunners zone.
16:55 of 1st period - Shot by Aleksi Heponiemi.
16:55 of 1st period - Deflect By Akil Thomas.
16:55 of 1st period - Shot Misses the Net.
18:01 of 1st period - Mac Hollowell is hit by Akil Thomas and loses puck.
18:43 of 1st period - Icing by Joey Keane.
18:44 of 1st period - Lane Pederson wins face-off versus Aliaksei Protas in Senators zone.
19:18 of 1st period - Icing by Justin Kirkland.
19:19 of 1st period - Lane Pederson wins face-off versus Ben Jones in Roadrunners zone.
19:19 of 1st period - Lane Pederson is hit by Wade Allison.
19:20 of 1st period - Minor Penalty to Ben Jones for Slashing.
19:21 of 1st period - Cole Schwindt wins face-off versus Aleksi Saarela in Senators zone.
19:37 of 1st period - Off-side.
19:38 of 1st period - Aliaksei Protas wins face-off versus Scott Wilson in neutral zone.
19:51 of 1st period - Shot by Mac Hollowell.
19:51 of 1st period - Shot Misses the Net.
19:53 of 1st period - Shot by Scott Wilson.
19:53 of 1st period - Shot Misses the Net.
Goals for this period are 1 for Roadrunners vs 3 for Senators.
Shots for this period are 10 for Roadrunners vs 9 for Senators.

2nd period


0:01 of 2nd period - Aliaksei Protas wins face-off versus Aleksi Saarela in neutral zone.
1:14 of 2nd period - Shot by Gabriel Dumont.
1:14 of 2nd period - Stopped by Leevi Merilainen without a rebound.
1:15 of 2nd period - Aleksi Saarela wins face-off versus Aliaksei Protas in Senators zone.
1:33 of 2nd period - Shot by Tyler Madden.
1:33 of 2nd period - Stopped by Calvin Pickard without a rebound.
1:34 of 2nd period - Morgan Barron wins face-off versus Ben Jones in Roadrunners zone.
1:34 of 2nd period - Morgan Barron is hit by Wade Allison.
1:40 of 2nd period - Shot by Morgan Barron.
1:40 of 2nd period - Stopped by Leevi Merilainen with a rebound.
1:42 of 2nd period - Shot by Morgan Barron.
1:42 of 2nd period - Shot Blocked by Jack Rathbone.
2:38 of 2nd period - Shot by Anthony Greco.
2:38 of 2nd period - Deflect By Aleksi Saarela.
2:38 of 2nd period - Stopped by Leevi Merilainen without a rebound.
2:39 of 2nd period - Nic Dowd wins face-off versus Jamieson Rees in Senators zone.
4:35 of 2nd period - Shot by Kevin Roy.
4:35 of 2nd period - Shot Misses the Net.
4:37 of 2nd period - Shot by Nicolas Hague.
4:37 of 2nd period - Shot Misses the Net.
5:57 of 2nd period - Icing by Scott Wilson.
5:58 of 2nd period - Aliaksei Protas wins face-off versus Nic Dowd in Roadrunners zone.
6:28 of 2nd period - Shot by Aliaksei Protas.
6:28 of 2nd period - Deflect By Cole Schwindt.
6:28 of 2nd period - Stopped by Calvin Pickard without a rebound.
6:28 of 2nd period - Minor Penalty to Alexander Petrovic for Tripping.
6:29 of 2nd period - Anthony Greco wins face-off versus Aliaksei Protas in Roadrunners zone.
7:29 of 2nd period - Shot by Akil Thomas.
7:29 of 2nd period - Stopped by Calvin Pickard without a rebound.
7:30 of 2nd period - Anthony Greco wins face-off versus Akil Thomas in Roadrunners zone.
7:41 of 2nd period - Shot by Jack Rathbone.
7:41 of 2nd period - Shot Misses the Net.
7:45 of 2nd period - Shot by Wade Allison.
7:45 of 2nd period - Stopped by Calvin Pickard without a rebound.
7:46 of 2nd period - Anthony Greco wins face-off versus Aliaksei Protas in Roadrunners zone.
7:55 of 2nd period - Shot by Zac Jones.
7:55 of 2nd period - Stopped by Calvin Pickard with a rebound.
7:57 of 2nd period - Shot by Aliaksei Protas.
7:57 of 2nd period - Shot Blocked by Mac Hollowell.
7:59 of 2nd period - Shot by Aliaksei Protas.
7:59 of 2nd period - Shot Misses the Net.
8:01 of 2nd period - Shot by Joey Keane.
8:01 of 2nd period - Stopped by Calvin Pickard without a rebound.
8:02 of 2nd period - Akil Thomas wins face-off versus Anthony Greco in Roadrunners zone.
8:21 of 2nd period - Shot by Akil Thomas.
8:21 of 2nd period - Stopped by Calvin Pickard with a rebound.
9:00 of 2nd period - Icing by Ian Mitchell.
9:01 of 2nd period - Tyler Madden wins face-off versus Nic Dowd in Senators zone.
9:01 of 2nd period - Ian Mitchell is hit by Nic Dowd and loses puck.
9:12 of 2nd period - Shot by Matias Maccelli.
9:12 of 2nd period - Shot Blocked by Alexander Petrovic.
9:40 of 2nd period - Shot by Cole Schwindt.
9:40 of 2nd period - Stopped by Calvin Pickard without a rebound.
9:41 of 2nd period - Aleksi Saarela wins face-off versus Ben Jones in Roadrunners zone.
9:55 of 2nd period - Icing by Anthony Greco.
9:56 of 2nd period - Aleksi Saarela wins face-off versus Aliaksei Protas in Roadrunners zone.
10:13 of 2nd period - Shot by Fabian Zetterlund.
10:13 of 2nd period - Stopped by Calvin Pickard without a rebound.
10:14 of 2nd period - Lane Pederson wins face-off versus Jamieson Rees in Roadrunners zone.
10:30 of 2nd period - Icing by Dawson Barteaux.
10:31 of 2nd period - Aleksi Saarela wins face-off versus Jamieson Rees in Senators zone.
10:45 of 2nd period - Icing by Anthony Greco.
10:46 of 2nd period - Aliaksei Protas wins face-off versus Aleksi Saarela in Roadrunners zone.
10:54 of 2nd period - Icing by Nicolas Hague.
10:55 of 2nd period - Aleksi Saarela wins face-off versus Aliaksei Protas in Roadrunners zone.
11:08 of 2nd period - Shot by Aleksi Saarela.
11:08 of 2nd period - Stopped by Leevi Merilainen without a rebound.
11:09 of 2nd period - Jamieson Rees wins face-off versus Nic Dowd in Senators zone.
11:35 of 2nd period - Shot by Scott Wilson.
11:35 of 2nd period - Shot Hit the Post.
11:37 of 2nd period - Shot by Alexander Petrovic.
11:37 of 2nd period - Shot Misses the Net.
11:55 of 2nd period - Akil Thomas is hit by Scott Wilson and loses puck.
12:18 of 2nd period - Nicolas Hague is hit by Cole Schwindt and loses puck.
12:31 of 2nd period - Shot by Fabian Zetterlund.
12:31 of 2nd period - Stopped by Calvin Pickard without a rebound.
12:32 of 2nd period - Lane Pederson wins face-off versus Ben Jones in Roadrunners zone.
13:00 of 2nd period - Lane Pederson is hit by Dawson Barteaux and loses puck.
13:25 of 2nd period - Icing by Kole Lind.
13:26 of 2nd period - Aliaksei Protas wins face-off versus Morgan Barron in Roadrunners zone.
13:29 of 2nd period - Shot by Fabian Zetterlund.
13:29 of 2nd period - Deflect By Cole Schwindt.
13:29 of 2nd period - Shot Blocked by Adam Erne.
14:40 of 2nd period - Drake Caggiula is hit by Joey Keane and loses puck.
14:44 of 2nd period - Off-side.
14:45 of 2nd period - Tyler Madden wins face-off versus Nic Dowd in neutral zone.
15:39 of 2nd period - Off-side.
15:40 of 2nd period - Drake Caggiula wins face-off versus Ben Jones in neutral zone.
16:43 of 2nd period - Shot by Aliaksei Protas.
16:43 of 2nd period - Stopped by Calvin Pickard without a rebound.
16:44 of 2nd period - Morgan Barron wins face-off versus Cole Schwindt in Roadrunners zone.
17:13 of 2nd period - Shot by Adam Erne.
17:13 of 2nd period - Stopped by Leevi Merilainen without a rebound.
17:14 of 2nd period - Jamieson Rees wins face-off versus Nic Dowd in Senators zone.
17:41 of 2nd period - Shot by Scott Wilson.
17:41 of 2nd period - Stopped by Leevi Merilainen without a rebound.
17:42 of 2nd period - Aleksi Saarela wins face-off versus Ben Jones in Senators zone.
17:50 of 2nd period - Adam Beckman is hit by Drake Caggiula and loses puck.
19:02 of 2nd period - Shot by Cole Schwindt.
19:02 of 2nd period - Shot Blocked by Mac Hollowell.
19:04 of 2nd period - Shot by Aliaksei Protas.
19:04 of 2nd period - Goal by Aliaksei Protas - Roadrunners : 1 - Senators : 4.
19:05 of 2nd period - Jamieson Rees wins face-off versus Lane Pederson in neutral zone.
19:14 of 2nd period - Shot by Aleksi Heponiemi.
19:14 of 2nd period - Shot Blocked by Paul Ladue.
19:17 of 2nd period - Icing by Kevin Roy.
19:18 of 2nd period - Lane Pederson wins face-off versus Tyler Madden in Roadrunners zone.
19:20 of 2nd period - Icing by Noah Juulsen.
19:21 of 2nd period - Lane Pederson wins face-off versus Jamieson Rees in Roadrunners zone.
19:38 of 2nd period - Shot by Jamieson Rees.
19:38 of 2nd period - Shot Blocked by Paul Ladue.
19:48 of 2nd period - Shot by Kevin Roy.
19:48 of 2nd period - Shot Misses the Net.
19:50 of 2nd period - Shot by Lane Pederson.
19:50 of 2nd period - Stopped by Leevi Merilainen without a rebound.
19:51 of 2nd period - Aliaksei Protas wins face-off versus Aleksi Saarela in Senators zone.
Goals for this period are 0 for Roadrunners vs 1 for Senators.
Shots for this period are 7 for Roadrunners vs 12 for Senators.

3rd period


0:01 of 3rd period - Aleksi Saarela wins face-off versus Aliaksei Protas in neutral zone.
0:16 of 3rd period - Shot by Aliaksei Protas.
0:16 of 3rd period - Shot Misses the Net.
0:18 of 3rd period - Shot by Jack Rathbone.
0:18 of 3rd period - Shot Misses the Net.
0:52 of 3rd period - Shot by Aleksi Heponiemi.
0:52 of 3rd period - Shot Misses the Net.
1:00 of 3rd period - Shot by Jamieson Rees.
1:00 of 3rd period - Shot Misses the Net.
1:02 of 3rd period - Shot by Aleksi Heponiemi.
1:02 of 3rd period - Shot Misses the Net.
1:08 of 3rd period - Shot by Aleksi Heponiemi.
1:08 of 3rd period - Shot Blocked by Brad Hunt.
1:10 of 3rd period - Shot by Dawson Barteaux.
1:10 of 3rd period - Shot Blocked by Brad Hunt.
1:12 of 3rd period - Shot by Akil Thomas.
1:12 of 3rd period - Shot Misses the Net.
1:20 of 3rd period - Shot by Akil Thomas.
1:20 of 3rd period - Shot Misses the Net.
1:48 of 3rd period - Shot by Nic Dowd.
1:48 of 3rd period - Shot Blocked by Joey Keane.
2:19 of 3rd period - Off-side.
2:20 of 3rd period - Lane Pederson wins face-off versus Aliaksei Protas in neutral zone.
2:20 of 3rd period - Justin Kirkland is hit by Aliaksei Protas and loses puck.
2:40 of 3rd period - Paul Ladue is hit by Aliaksei Protas and loses puck.
2:46 of 3rd period - Kevin Roy is hit by Jack Rathbone and loses puck.
3:22 of 3rd period - Noah Juulsen is hit by Akil Thomas and loses puck.
3:39 of 3rd period - Mac Hollowell is hit by Akil Thomas and loses puck.
3:55 of 3rd period - Kole Lind is hit by Zac Jones and loses puck.
4:02 of 3rd period - Shot by Adam Erne.
4:02 of 3rd period - Stopped by Leevi Merilainen without a rebound.
4:03 of 3rd period - Ben Jones wins face-off versus Nic Dowd in Senators zone.
5:06 of 3rd period - Shot by Aliaksei Protas.
5:06 of 3rd period - Deflect By Cole Schwindt.
5:06 of 3rd period - Shot Misses the Net.
5:22 of 3rd period - Shot by Layton Ahac.
5:22 of 3rd period - Shot Misses the Net.
5:26 of 3rd period - Shot by Cole Schwindt.
5:26 of 3rd period - Shot Blocked by Mac Hollowell.
5:28 of 3rd period - Shot by Aliaksei Protas.
5:28 of 3rd period - Shot Misses the Net.
5:57 of 3rd period - Icing by Ian Mitchell.
5:58 of 3rd period - Aleksi Heponiemi wins face-off versus Kevin Roy in Senators zone.
6:12 of 3rd period - Shot by Jamieson Rees.
6:12 of 3rd period - Shot Blocked by Noah Juulsen.
6:14 of 3rd period - Shot by Jamieson Rees.
6:14 of 3rd period - Shot Misses the Net.
6:16 of 3rd period - Shot by Aleksi Heponiemi.
6:16 of 3rd period - Stopped by Calvin Pickard without a rebound.
6:17 of 3rd period - Morgan Barron wins face-off versus Wade Allison in Roadrunners zone.
6:17 of 3rd period - Morgan Barron is hit by Adam Beckman.
6:20 of 3rd period - Kole Lind is hit by Ben Jones and loses puck.
6:31 of 3rd period - Shot by Adam Beckman.
6:31 of 3rd period - Deflect By Wade Allison.
6:31 of 3rd period - Stopped by Calvin Pickard without a rebound.
6:32 of 3rd period - Aliaksei Protas wins face-off versus Nic Dowd in Roadrunners zone.
6:41 of 3rd period - Shot by Brad Hunt.
6:41 of 3rd period - Stopped by Leevi Merilainen without a rebound.
6:42 of 3rd period - Aleksi Saarela wins face-off versus Ben Jones in Senators zone.
7:42 of 3rd period - Icing by Joey Keane.
7:43 of 3rd period - Lane Pederson wins face-off versus Ben Jones in Senators zone.
7:50 of 3rd period - Shot by Lane Pederson.
7:50 of 3rd period - Stopped by Leevi Merilainen with a rebound.
8:25 of 3rd period - Icing by Jack Rathbone.
8:26 of 3rd period - Nic Dowd wins face-off versus Aliaksei Protas in Senators zone.
8:26 of 3rd period - Gabriel Dumont is hit by Layton Ahac.
8:58 of 3rd period - Shot by Scott Wilson.
8:58 of 3rd period - Shot Blocked by Jack Rathbone.
9:00 of 3rd period - Shot by Gabriel Dumont.
9:00 of 3rd period - Stopped by Leevi Merilainen without a rebound.
9:01 of 3rd period - Jamieson Rees wins face-off versus Aleksi Saarela in Senators zone.
9:01 of 3rd period - Jamieson Rees is hit by Drake Caggiula.
9:08 of 3rd period - Aleksi Saarela is hit by Dawson Barteaux and loses puck.
9:12 of 3rd period - Aleksi Saarela is hit by Dawson Barteaux and loses puck.
9:21 of 3rd period - Shot by Aleksi Saarela.
9:21 of 3rd period - Stopped by Leevi Merilainen without a rebound.
9:22 of 3rd period - Lane Pederson wins face-off versus Tyler Madden in Senators zone.
9:51 of 3rd period - Shot by Zac Jones.
9:51 of 3rd period - Stopped by Calvin Pickard with a rebound.
9:53 of 3rd period - Shot by Jamieson Rees.
9:53 of 3rd period - Stopped by Calvin Pickard without a rebound.
9:54 of 3rd period - Aleksi Saarela wins face-off versus Ben Jones in Roadrunners zone.
10:06 of 3rd period - Shot by Aleksi Saarela.
10:06 of 3rd period - Stopped by Leevi Merilainen without a rebound.
10:07 of 3rd period - Nic Dowd wins face-off versus Aliaksei Protas in Senators zone.
10:14 of 3rd period - Nic Dowd is hit by Jack Rathbone and loses puck.
10:17 of 3rd period - Shot by Gabriel Dumont.
10:17 of 3rd period - Shot Blocked by Jack Rathbone.
10:19 of 3rd period - Shot by Nic Dowd.
10:19 of 3rd period - Stopped by Leevi Merilainen with a rebound.
10:21 of 3rd period - Shot by Gabriel Dumont.
10:21 of 3rd period - Shot Blocked by Jack Rathbone.
10:23 of 3rd period - Shot by Scott Wilson.
10:23 of 3rd period - Goal by Scott Wilson - Roadrunners : 2 - Senators : 4.
10:24 of 3rd period - Aleksi Saarela wins face-off versus Ben Jones in neutral zone.
10:51 of 3rd period - Shot by Anthony Greco.
10:51 of 3rd period - Shot Misses the Net.
10:59 of 3rd period - Alexander Petrovic is hit by Wade Allison and loses puck.
11:36 of 3rd period - Shot by Scott Wilson.
11:36 of 3rd period - Shot Blocked by Cole Schwindt.
12:02 of 3rd period - Shot by Aliaksei Protas.
12:02 of 3rd period - Deflect By Fabian Zetterlund.
12:02 of 3rd period - Stopped by Calvin Pickard without a rebound.
12:03 of 3rd period - Lane Pederson wins face-off versus Jamieson Rees in Roadrunners zone.
12:13 of 3rd period - Icing by Aleksi Heponiemi.
12:14 of 3rd period - Morgan Barron wins face-off versus Jamieson Rees in Senators zone.
12:15 of 3rd period - Shot by Kole Lind.
12:15 of 3rd period - Shot Misses the Net.
12:23 of 3rd period - Shot by Aleksi Heponiemi.
12:23 of 3rd period - Shot Misses the Net.
12:25 of 3rd period - Shot by Aleksi Heponiemi.
12:25 of 3rd period - Shot Blocked by Noah Juulsen.
12:32 of 3rd period - Icing by Adam Erne.
12:33 of 3rd period - Morgan Barron wins face-off versus Fabian Zetterlund in Roadrunners zone.
12:33 of 3rd period - Paul Ladue is hit by Fabian Zetterlund and loses puck.
12:55 of 3rd period - Morgan Barron is hit by Layton Ahac.
13:23 of 3rd period - Off-side.
13:24 of 3rd period - Aleksi Heponiemi wins face-off versus Aleksi Saarela in neutral zone.
13:49 of 3rd period - Shot by Drake Caggiula.
13:49 of 3rd period - Shot Misses the Net.
13:57 of 3rd period - Shot by Aleksi Saarela.
13:57 of 3rd period - Stopped by Leevi Merilainen without a rebound.
13:58 of 3rd period - Adam Beckman wins face-off versus Gabriel Dumont in Senators zone.
14:28 of 3rd period - Nic Dowd is hit by Zac Jones.
14:34 of 3rd period - Shot by Scott Wilson.
14:34 of 3rd period - Goal by Scott Wilson - Roadrunners : 3 - Senators : 4.
14:35 of 3rd period - Aliaksei Protas wins face-off versus Lane Pederson in neutral zone.
14:45 of 3rd period - Shot by Kevin Roy.
14:45 of 3rd period - Shot Misses the Net.
14:48 of 3rd period - Icing by Layton Ahac.
14:49 of 3rd period - Aleksi Saarela wins face-off versus Aliaksei Protas in Senators zone.
15:44 of 3rd period - Shot by Nic Dowd.
15:44 of 3rd period - Shot Misses the Net.
15:56 of 3rd period - Off-side.
15:57 of 3rd period - Jamieson Rees wins face-off versus Lane Pederson in neutral zone.
16:00 of 3rd period - Lane Pederson is hit by Jamieson Rees and loses puck.
16:14 of 3rd period - Minor Penalty to Nicolas Hague for Boarding.
16:15 of 3rd period - Akil Thomas wins face-off versus Anthony Greco in Roadrunners zone.
16:26 of 3rd period - Shot by Zac Jones.
16:26 of 3rd period - Goal by Zac Jones - Roadrunners : 3 - Senators : 5.
16:27 of 3rd period - Nic Dowd wins face-off versus Tyler Madden in neutral zone.
16:30 of 3rd period - Shot by Scott Wilson.
16:30 of 3rd period - Shot Misses the Net.
16:46 of 3rd period - Shot by Jamieson Rees.
16:46 of 3rd period - Deflect By Tyler Madden.
16:46 of 3rd period - Shot Misses the Net.
16:58 of 3rd period - Shot by Scott Wilson.
16:58 of 3rd period - Shot Misses the Net.
17:00 of 3rd period - Shot by Nicolas Hague.
17:00 of 3rd period - Goal by Nicolas Hague - Roadrunners : 4 - Senators : 5.
17:01 of 3rd period - Ben Jones wins face-off versus Aleksi Saarela in neutral zone.
17:01 of 3rd period - Zac Jones is hit by Drake Caggiula and loses puck.
17:21 of 3rd period - Ben Jones is hit by Alexander Petrovic and loses puck.
17:33 of 3rd period - Ben Jones is hit by Alexander Petrovic and loses puck.
18:26 of 3rd period - Shot by Fabian Zetterlund.
18:26 of 3rd period - Deflect By Aliaksei Protas.
18:26 of 3rd period - Shot Blocked by Justin Kirkland.
18:28 of 3rd period - Shot by Aliaksei Protas.
18:28 of 3rd period - Stopped by Calvin Pickard without a rebound.
18:29 of 3rd period - Jamieson Rees wins face-off versus Nic Dowd in Roadrunners zone.
18:32 of 3rd period - Shot by Aleksi Heponiemi.
18:32 of 3rd period - Deflect By Akil Thomas.
18:32 of 3rd period - Stopped by Calvin Pickard without a rebound.
18:33 of 3rd period - Nic Dowd wins face-off versus Jamieson Rees in Roadrunners zone.
19:02 of 3rd period - Roadrunners, Calvin Pickard is pulled from the net.
19:06 of 3rd period - Shot by Gabriel Dumont.
19:06 of 3rd period - Shot Misses the Net.
19:50 of 3rd period - Icing by Cole Schwindt.
19:51 of 3rd period - Aliaksei Protas wins face-off versus Aleksi Saarela in Senators zone.
19:57 of 3rd period - Icing by Cole Schwindt.
19:58 of 3rd period - Anthony Greco wins face-off versus Aliaksei Protas in Senators zone.
Goals for this period are 3 for Roadrunners vs 1 for Senators.
Shots for this period are 11 for Roadrunners vs 8 for Senators.